 Dungeon Crawl Stone Soup version 0.30-a0-772-g5528072125 (webtiles) character file.

Game seed: 11280277559778183694

80 Leeroy the Slasher (level 4, -1/23 HPs)
             Began as a Vine Stalker Warper on Feb 12, 2023.
             Was a Follower of Uskayaw.
             Slain by an iguana (9 damage)
             ... on level 4 of the Dungeon.
             The game lasted 00:02:07 (2323 turns).

Leeroy the Slasher (Vine Stalker Warper)            Turns: 2323, Time: 00:02:08

Health: -1/23      AC:  4    Str:  9    XL:     4   Next: 39%
Magic:  0/8        EV: 11    Int: 13    God:    Uskayaw [*.....]
Gold:   189        SH:  0    Dex: 15    Spells: 7/7 levels left

rFire   . . .      SeeInvis .    a - +0 falchion
rCold   . . .      Faith    .    (no shield)
rNeg    + + .      Spirit   +    b - +0 leather armour
rPois   +          Reflect  .    (no helmet)
rElec   .          Harm     .    (no cloak)
rCorr   +          Rampage  .    (no gloves)
Will    +....                    h - +0 pair of boots
Stlth   +                        (no amulet)
HPRegen 1.03/turn                u - ring of willpower
MPRegen 0.11/turn                t - ring of Makhleb's Anger {rPois rN++ rCorr Str-5}

@: no status effects
A: fangs 2, regeneration 1, magic shield, antimagic bite, no potion heal 2
a: Renounce Religion, Stomp


You were on level 4 of the Dungeon.
You worshipped Uskayaw.
Uskayaw was noncommittal.
You visited 1 branch of the dungeon, and saw 4 of its levels.

You collected 189 gold pieces.

Inventory:

Hand Weapons
 a - a +0 falchion (weapon)
 n - a +0 arbalest
 p - a +2 short sword of draining
Missiles
 d - 7 boomerangs of dispersal (quivered)
 j - 4 javelins
Armour
 b - a +0 leather armour (worn)
 h - a +0 pair of boots (worn)
Jewellery
 t - the ring of Makhleb's Anger (right hand) {rPois rN++ rCorr Str-5}
   (You found it on level 2 of the Dungeon)

   [ring of poison resistance]

   Str:       It affects your strength (-5).
   rPois:     It protects you from poison.
   rN:        It greatly protects you from negative energy.
   rCorr:     It protects you from acid and corrosion.
 u - a ring of willpower (left hand)
Scrolls
 c - 2 scrolls of blinking
 f - 2 scrolls of identify {unknown}
 g - a scroll of immolation {unknown}
 i - a scroll of silence {unknown}
 m - a scroll of noise {unknown}
 o - 2 scrolls of teleportation {unknown}
 q - a scroll of enchant armour {unknown}
 s - 2 scrolls of fog {unknown}
Potions
 e - 2 potions of cancellation {unknown}
 k - a potion of heal wounds {unknown}
 l - a potion of berserk rage {unknown}
 r - 2 potions of degeneration {unknown}
 v - 2 potions of brilliance {unknown}


   Skills:
 - Level 1.7 Fighting
 + Level 4.1 Long Blades
 - Level 0.8 Throwing
 - Level 0.7 Armour
 - Level 1.5 Dodging
 - Level 2.1 Spellcasting
 - Level 3.0 Translocations


You had 7 spell levels left.
You didn't know any spells.
Your spell library contained the following spells:

 Spells                   Type           Power      Damage    Failure   Level
 Blink                    Tloc           18%        N/A       16%         2
 Lesser Beckoning         Tloc           18%        N/A       16%         2
 Teleport Other           Tloc           9%         N/A       30%         3
 Vhi's Electric Charge    Tloc/Air       10%        N/A       50%         3
 Manifold Assault         Tloc           9%         N/A       69%         4


Dungeon Overview and Level Annotations

Branches:
Dungeon (4/15)             Temple (0/1) D:4

Altars:
Uskayaw

Annotations:
D:3 2 transporters, LowRida's ghost, novice NaVM


Innate Abilities, Weirdness & Mutations

You have extremely sharp teeth.
Your natural rate of healing is unusually fast.
When hurt, damage is shared between your health and your magic reserves.
Your bite disrupts and absorbs the magic of your enemies.
Potions cannot restore your health.


Message History

You climb downwards.
You hear the sound of rushing water.
There is an entrance to a sewer on this level.
Hurry and find it before the portal rusts away!
There is a stone staircase leading up here.
No target in view!
Found a chain mail.
Found a stone staircase leading down.
No target in view!
Found a staircase to the Ecumenical Temple.
You hear the slow rusting of a very distant drain.
f - 2 scrolls labelled SECWOI RUMMAE (gained 1)
You see here a +1 heavy mace.
No target in view!
An iguana comes into view.
The iguana hisses angrily.
An iguana is nearby!
The iguana barely misses you.
You hit the iguana but do no damage. The iguana bites you!
You hit the iguana. Your bite misses the iguana.
The iguana is moderately wounded.
The iguana closely misses you.
You barely miss the iguana. You bite the iguana, but do no damage.
The iguana is moderately wounded.
The iguana bites you!
You are too injured to fight recklessly!
You are too injured to fight recklessly!
You are too injured to fight recklessly!
You are too injured to fight recklessly!
You are too injured to fight recklessly!
You hit the iguana but do no damage.
The iguana is moderately wounded.
The iguana misses you.
You hit the iguana. Your bite misses the iguana.
The iguana is heavily wounded.
The iguana bites you!
You barely miss the iguana. You bite the iguana. You drain its power.
You feel invigorated.
The iguana is severely wounded.
The iguana bites you!
You die...

##.##.#
#####.#.####
####.#
#...........
#.#
#.###[.##<##
#.# #..##.#
#.# #..##.#
#.# #......
#.# ##.##..
##.#####.#
#.##..#
......l@.#
#.##..#
...#######
.......


You could see an iguana.

Vanquished Creatures
  2 adders
  A white imp (D:3)
  A worm (D:3)
  2 dart slugs
  3 endoplasms
  2 giant cockroaches (D:2)
  5 goblins (D:2)
  4 hobgoblins
  5 jackals (D:2)
  A kobold (D:1)
  3 quokkas
  A ball python (D:3)
  4 bats
  10 frilled lizards
  4 rats
48 creatures vanquished.

Notes
Turn   | Place    | Note
-------+----------+-------------------------------------------
     0 | D:1      | Leeroy the Vine Stalker Warper began the quest for the Orb.
     0 | D:1      | Reached XP level 1. HP: 11/11 MP: 4/4
    37 | D:1      | Reached skill level 2 in Long Blades
   147 | D:1      | Reached XP level 2. HP: 15/15 MP: 6/6
   503 | D:2      | Reached skill level 3 in Long Blades
   533 | D:2      | Reached XP level 3. HP: 18/18 MP: 7/7
   553 | D:2      | Found a hide-covered altar of Uskayaw.
   621 | D:2      | Became a worshipper of Uskayaw the Reveller
   697 | D:2      | Reached * piety under Uskayaw
   707 | D:2      | Reached ** piety under Uskayaw
  1216 | D:2      | Identified the ring of Makhleb's Anger {rPois rN++ rCorr
                  | Str-5}
  1496 | D:3      | Gained mutation: Your natural rate of healing is unusually
                  | fast. [Vine Stalker growth]
  1496 | D:3      | Reached XP level 4. HP: 20/23 MP: 6/8
  1552 | D:3      | Noticed LowRida's ghost (novice NaVM)
  1553 | D:3      | Found a transporter.
  1560 | D:3      | Found a transporter.
  1598 | D:3      | Reached skill level 4 in Long Blades
  2282 | D:4      | Found a staircase to the Ecumenical Temple.
  2323 | D:4      | Slain by an iguana

Illustrated notes

Levels and vault maps discovered:
D:1:      scummos_arrival_checkerplants, layout_rooms,
          chequers_decorated_corner, minmay_lizard_pond
D:2:      layout_loops_corners, basic_altar
D:3:      layout_basic, gammafunk_ghost_arena, nrook_mini_backslash
D:4:      layout_loops_corners, temple_pool_b, gup_sewer_entry_pipe

Skill      XL: |  1  2  3  4 |
---------------+-------------+-----
Long Blades    | 2 3 4 |  4.1
Fighting       | |  1.7
Throwing       | |  0.8
Armour         | |  0.7
Dodging        | |  1.5
Spellcasting   | |  2.1
Translocations | |  3.0

Action                     |  1- 3 |  4- 6 || total
---------------------------+-------+-------++-------
  Melee: Falchion          |   108 |    32 ||   140
         Bite              |    15 |    13 ||    28
         Punch             |       |     2 ||     2
   Stab: Sleeping          |     1 |       ||     1
 Armour: Leather armour    |    38 |     5 ||    43
  Dodge: Dodged            |    68 |    15 ||    83

Table legend: (Time is in decaauts)
 A = Elapsed time spent in this place.
 B = Non-inter-level travel time spent in this place.
 C = Inter-level travel time spent in this place.
 D = Time resting spent in this place.
 E = Time spent auto-exploring this place.
 F = Levels seen in this place.
 G = Mean time per level.
                   A        B        C        D        E       F      G
               +--------+--------+--------+--------+--------+-----+--------+
         Total |   2341 |   2264 |     77 |      0 |   1873 |   4 |  585.2 |
       Dungeon |   2341 |   2264 |     77 |      0 |   1873 |   4 |  585.2 |
               +--------+--------+--------+--------+--------+-----+--------+

Top non-repeatable levels by time:
     D:2: 1099 daAuts
     D:3: 777 daAuts
     D:1: 384 daAuts
     D:4: 80 daAuts
